[Event "WYCC 2018 O14"]
[Site "Halkidiki"]
[Date "2018.10.30"]
[Round "11"]
[White "Cohen Revivo, Shoham"]
[Black "Soriano Quispe, Ivan Excender"]
[Result "1-0"]
[ECO "C50"]
[WhiteElo "2289"]
[BlackElo "2054"]
[Annotator "NA"]
[PlyCount "63"]
[EventDate "2018.10.20"]
[EventType "swiss"]
[EventCountry "GRE"]
[SourceTitle "playchess.com"]
[Source "ChessBase"]
[SourceQuality "1"]
[TimeControl "40/5400+30:1800+30"]

1. e4 e5 2. Nf3 Nc6 3. Bc4 Bc5 4. O-O d6 5. c3 Nf6 6. d3 a6 7. Nbd2 O-O 8. h3 h6 9. Re1 Ba7 10. Bb3 Re8 11. Nf1 Be6 12. Ng3 d5 {[%emt 0:02:42] C54: Giuoco Piano: 4 c3 Nf6, main lines with 5 d4 and 5 d3} (12... Bxb3 13. Qxb3 Qd7 14. Be3 Bxe3 15. Rxe3 d5 16. Rae1 dxe4 17. dxe4 Na5 18. Qc2 Rad8 19. b3 Nc6 20. R3e2 {½-½ (52) Harikrishna,P (2762)-Matlakov,M (2691) Germany 2017}) 13. exd5 Nxd5 14. Bc2 {[%emt 0:05:35] LiveBook: 30 Games} b5 15. a3 Qd6 $146 ({Predecessor:} 15... Rb8 16. Qd2 Qf6 17. Ne4 Qe7 18. Ng3 Qf6 19. Ne4 Qe7 20. Ng3 Qf6 {½-½ (20) Duboue,P (2189)-Joie,S (2304) Pau 2012}) 16. Ne4 Qe7 17. d4 Rad8 18. Ng3 exd4 19. cxd4 Nf6 20. Be3 Qd6 21. Qd3 Nxd4 22. Nxd4 Bxd4 23. Ne4 Nxe4 24. Qxe4 Bxb2 25. Qh7+ Kf8 26. Rab1 Qxa3 27. Be4 Ke7 28. Bc6 $17 Rh8 29. Qc2 Bd4 30. Bd2 Kf6 31. Bb4 Qa2 32. Be7+ 1-0

[Event "WYCC 2018 O14"]
[Site "Halkidiki"]
[Date "2018.10.30"]
[Round "11"]
[White "Kushagra Mohan"]
[Black "Galkin, Gleb"]
[Result "0-1"]
[ECO "C45"]
[WhiteElo "2283"]
[BlackElo "2134"]
[Annotator "NA"]
[PlyCount "86"]
[EventDate "2018.10.20"]
[EventType "swiss"]
[EventCountry "GRE"]
[SourceTitle "playchess.com"]
[Source "ChessBase"]
[SourceQuality "1"]
[TimeControl "40/5400+30:1800+30"]

1. e4 e5 2. Nf3 Nc6 3. d4 exd4 4. Nxd4 Bc5 5. Nxc6 Qf6 6. Qf3 dxc6 7. Nc3 {[%emt 0:00:04] C45: Scotch Game} Be6 8. Qg3 O-O-O 9. Be3 Bxe3 10. Qxe3 Kb8 11. Bd3 (11. f4 Qe7 12. Bd3 Nh6 13. O-O-O f6 14. g3 Nf7 {½-½ (29) Nepomniachtchi,I (2766)-Carlsen,M (2851) Leuven 2017}) 11... g5 12. O-O-O Ne7 13. e5 Qg7 14. Rhe1 {[%emt 0:01:50] [#]} Nd5 $146 ({Predecessor:} 14... h6) 15. Nxd5 cxd5 16. g3 g4 17. Kb1 h5 18. Qf4 Qh6 19. Qd4 Rc8 20. Bf1 c5 21. Qa4 Rhd8 22. Re3 Bf5 23. Bg2 Bd7 24. Qb3 Bc6 25. f4 d4 26. Bxc6 Qxc6 27. Re2 c4 28. Qb4 {[%emt 0:01:15] [#]} c3 $1 29. Qb3 Qf3 30. Ree1 Rc6 31. Qxf7 d3 32. Qb3 Rb6 33. Qxc3 $19 d2 34. Qxf3 dxe1=Q 35. Rxe1 gxf3 36. Rf1 Rd2 37. Kc1 Rxh2 38. Rxf3 Kc8 39. f5 Kd7 40. e6+ Ke8 41. Rd3 Rc6 42. c3 Rf2 43. Rd5 b6 0-1

[Event "WYCC 2018 O14"]
[Site "Halkidiki"]
[Date "2018.10.30"]
[Round "11"]
[White "Subelj, Jan"]
[Black "Manafov, Vugar"]
[Result "1-0"]
[ECO "B04"]
[WhiteElo "2281"]
[BlackElo "2245"]
[Annotator "NA"]
[PlyCount "99"]
[EventDate "2018.10.20"]
[EventType "swiss"]
[EventCountry "GRE"]
[SourceTitle "playchess.com"]
[Source "ChessBase"]
[SourceQuality "1"]
[TimeControl "40/5400+30:1800+30"]

1. e4 Nf6 2. e5 Nd5 3. d4 d6 4. Nf3 Nb6 5. a4 a5 6. Nc3 g6 {[%emt 0:05:07] B04: Alekhine's Defence: 4 Nf3} (6... Bg4 7. h3 Bh5 8. g4 Bg6 9. e6 fxe6 10. Ng5 Qd7 11. Qe2 Nc6 12. Nxe6 Nb4 13. Nb5 Rc8 14. Na3 {1-0 (28) Zvjaginsev,V (2660)-Panarin,M (2558) St Petersburg 2015}) 7. exd6 {[%emt 0:01:23] LiveBook: 17 Games} cxd6 8. Nb5 Bg7 9. Be2 O-O 10. O-O Nc6 11. c3 Be6 12. b3 $146 ({Predecessor:} 12. Re1 Na7 13. Nxa7 Rxa7 14. Bd3 {1-0 (32) Nagy,G (2403)-Varga,Z (2450) Kecskemet 2015}) 12... Rc8 13. Bb2 h6 14. Re1 Re8 15. Bd3 Qd7 16. c4 Bf5 17. Bc3 d5 18. c5 Na8 19. Bxf5 Qxf5 20. Qd2 b6 21. cxb6 Nxb6 22. Bxa5 Nd7 23. Bc3 Nf6 24. Rac1 Ne4 25. Qe3 Red8 26. Red1 Bf6 27. Be1 Kg7 28. h3 Qd7 29. Nc3 Nxc3 30. Rxc3 Rb8 31. Rdc1 Rb6 32. Bd2 h5 33. a5 Ra6 34. Rc5 Qb7 35. b4 Na7 36. b5 Nxb5 37. Rb1 Rb8 38. Rcxb5 Qxb5 $18 39. Rxb5 Rxb5 40. Qd3 Rbxa5 41. Bxa5 Rxa5 42. g4 hxg4 43. hxg4 e6 44. Qd2 Ra7 45. Qf4 Bd8 46. Qb8 Ra1+ 47. Kg2 Be7 48. Qc7 Kf8 49. Ne5 g5 50. Qc8+ 1-0

[Event "WYCC 2018 O14"]
[Site "Halkidiki"]
[Date "2018.10.30"]
[Round "11"]
[White "Gombocz, Ferenc Jr."]
[Black "Wang, Alex"]
[Result "1-0"]
[ECO "A15"]
[WhiteElo "2271"]
[BlackElo "2076"]
[Annotator "NA"]
[PlyCount "59"]
[EventDate "2018.10.20"]
[EventType "swiss"]
[EventCountry "GRE"]
[SourceTitle "playchess.com"]
[Source "ChessBase"]
[SourceQuality "1"]
[TimeControl "40/5400+30:1800+30"]

1. c4 Nf6 2. g3 g6 3. Bg2 Bg7 4. Nc3 O-O 5. e4 d6 6. Nge2 c5 7. O-O Nc6 8. d3 a6 9. h3 Rb8 10. a4 Ne8 11. Be3 Nc7 12. d4 cxd4 13. Nxd4 Ne6 14. Nde2 {[%emt 0:00:24] A36: Symmetrical English vs ...g6: 4 Bg2 Bg7} Nc5 15. Rb1 Nb4 (15... b6 16. b3 a5 17. Qd2 Bd7 18. Bh6 Bxh6 19. Qxh6 f6 20. Qe3 g5 21. Nd5 Kh8 {½-½ (35) Hall,R (2640)-Robson,N (2602) ICCF email 2014}) 16. b3 f5 17. Nd5 a5 18. Nxb4 axb4 19. Nf4 $146 ({Predecessor:} 19. Qd2 fxe4 20. Qxb4 b6 21. Qd2 Bb7 {½-½ (38) De Smet,K (2188)-Caballero Perez,A (2360) ICCF email 2012}) 19... Nxe4 20. Bxe4 fxe4 21. Qd5+ Kh8 22. Rfd1 Qd7 23. g4 b5 24. cxb5 Be5 25. Ng2 Bb7 $2 (25... Rf3 $14) 26. Qxe5+ Kg8 27. Qg5 Rf3 28. Nh4 Rf7 29. Nf5 $18 Kf8 30. Ng3 1-0

[Event "WYCC 2018 O14"]
[Site "Halkidiki"]
[Date "2018.10.30"]
[Round "11"]
[White "Czopor, Maciej"]
[Black "Stolyarsky, Yegor"]
[Result "1-0"]
[ECO "C77"]
[WhiteElo "2219"]
[BlackElo "2006"]
[Annotator "NA"]
[PlyCount "85"]
[EventDate "2018.10.20"]
[EventType "swiss"]
[EventCountry "GRE"]
[SourceTitle "playchess.com"]
[Source "ChessBase"]
[SourceQuality "1"]
[TimeControl "40/5400+30:1800+30"]

1. e4 e5 2. Nf3 Nc6 3. Bb5 a6 4. Ba4 Nf6 5. d3 b5 6. Bb3 Bc5 7. Nc3 d6 {[%emt 0:01:49] C77: Ruy Lopez: 3...a6 4 Ba4 Nf6, unusual lines} 8. Nd5 h6 9. c3 (9. O-O O-O 10. Be3 Bxe3 11. fxe3 Na5 12. Nxf6+ Qxf6 13. Bd5 c6 14. Nd4 Qg5 15. Nxc6 Nxc6 16. Bxc6 Qxe3+ {½-½ (32) Anand,V (2760)-Mamedyarov,S (2808) Stavanger 2018}) 9... Be6 10. O-O Ba7 11. a4 $146 ({Predecessor:} 11. Be3 Bxd5 12. exd5 Ne7 13. Bxa7 Rxa7 14. d4 e4 15. Nd2 {½-½ (30) Jablonicky,M (2302)-Motuz,K (2425) Slovakia 2017}) 11... Bxd5 12. Bxd5 Nxd5 13. exd5 Ne7 14. Qb3 O-O 15. axb5 axb5 16. Kh1 Bc5 17. Be3 Bxe3 18. fxe3 Qd7 19. e4 Kh8 20. d4 f6 21. h3 Ng6 22. Kh2 Rfe8 23. dxe5 fxe5 24. Ra3 Rxa3 25. Qxa3 Qf7 26. Nd2 Nf4 27. Qa7 Qh5 28. Rf3 {[%emt 0:02:35] [#]} Nxg2 $1 29. Qxc7 Nh4 30. Rf2 Qg5 31. Qc6 Rb8 32. Qxd6 Ra8 33. Nf1 Ra1 34. Qb8+ Kh7 35. Qxb5 Ng6 36. Qd3 Nf4 37. Qg3 Qh5 38. Qg4 Qe8 39. d6 Qb5 40. d7 Qb6 41. Rd2 ({Weaker is} 41. Rxf4 exf4 42. Nd2 Rc1 $11) 41... Qd8 $18 42. Qf5+ Ng6 43. Rd6 1-0

[Event "WYCC 2018 O14"]
[Site "Halkidiki"]
[Date "2018.10.30"]
[Round "11"]
[White "Munshi, Aditya"]
[Black "Muntean, Victor"]
[Result "1-0"]
[ECO "C55"]
[WhiteElo "2133"]
[BlackElo "1876"]
[Annotator "NA"]
[PlyCount "49"]
[EventDate "2018.10.20"]
[EventType "swiss"]
[EventCountry "GRE"]
[SourceTitle "playchess.com"]
[Source "ChessBase"]
[SourceQuality "1"]
[TimeControl "40/5400+30:1800+30"]

1. e4 e5 2. Nf3 Nc6 3. Bc4 Nf6 4. d3 Be7 5. O-O O-O 6. Re1 d6 7. a4 Na5 8. Ba2 c5 9. c3 Nc6 10. Na3 h6 11. Bd2 a6 12. h3 Re8 13. Nc4 Be6 14. Ne3 Bxa2 15. Rxa2 d5 16. Nf5 dxe4 17. dxe4 c4 18. Qe2 b5 $16 (18... Qd3 $11 {remains equal.}) 19. axb5 axb5 20. Rxa8 Qxa8 21. N3h4 Kh7 22. Qf3 Rg8 23. Bxh6 Qe8 24. Bg5 g6 25. Nxe7 1-0

[Event "WYCC 2018 O14"]
[Site "Halkidiki"]
[Date "2018.10.30"]
[Round "11"]
[White "Rasti, Arvin"]
[Black "Kouvidis, Ioannis"]
[Result "0-1"]
[ECO "A48"]
[WhiteElo "2064"]
[BlackElo "1896"]
[Annotator "NA"]
[PlyCount "86"]
[EventDate "2018.10.20"]
[EventType "swiss"]
[EventCountry "GRE"]
[SourceTitle "playchess.com"]
[Source "ChessBase"]
[SourceQuality "1"]
[TimeControl "40/5400+30:1800+30"]

1. d4 Nf6 2. Bf4 g6 3. Nf3 Bg7 4. e3 O-O 5. Be2 d6 6. h3 Nbd7 7. c4 c5 8. Nc3 a6 9. O-O {[%emt 0:01:26] E61: Königsindisch (Abweichungen der Hauptvariante)} cxd4 10. exd4 d5 11. c5 Nb8 12. b4 $146 ({Vorgänger:} 12. Na4 Nfd7 13. Rc1 Nc6 14. Qd2 Re8 15. Rfe1 f6 16. Red1 Kh8 {½-½ (50) Lobo,R (2310)-Hummel,P (2330) San Francisco 1999}) 12... Nc6 13. Rb1 Bf5 14. Bd3 Ne4 15. Qc2 Nxc3 16. Qxc3 Qd7 17. a3 Be4 18. Ne5 Qf5 19. Bxe4 Qxf4 20. Nxc6 bxc6 21. Bd3 Bxd4 22. Qc2 Qc7 23. Rfd1 Bg7 24. Qa4 Qb7 25. Qa5 e5 26. Rdc1 e4 27. Be2 Rfb8 28. a4 Be5 29. Qb6 Qd7 30. Qxa6 Rxa6 31. Bxa6 Qa7 32. b5 Rd8 33. a5 cxb5 34. Bxb5 Qxa5 35. c6 Bd6 36. Rd1 $19 d4 37. Bc4 Bc7 38. Rb7 Qe5 39. g3 d3 40. Rb5 Qf6 41. Bd5 Rxd5 42. Rxd5 Qxc6 43. Rd4 Bb6 0-1

[Event "WYCC 2018 O14"]
[Site "Halkidiki"]
[Date "2018.10.30"]
[Round "11"]
[White "Antonica, Dragos-Andrei"]
[Black "Avila Pavas, Santiago"]
[Result "1/2-1/2"]
[ECO "E63"]
[WhiteElo "2061"]
[BlackElo "2277"]
[Annotator "NA"]
[PlyCount "48"]
[EventDate "2018.10.20"]
[EventType "swiss"]
[EventCountry "GRE"]
[SourceTitle "playchess.com"]
[Source "ChessBase"]
[SourceQuality "1"]
[TimeControl "40/5400+30:1800+30"]

1. Nf3 g6 2. g3 Bg7 3. Bg2 Nf6 4. O-O O-O 5. d4 d6 6. c4 Nc6 7. Nc3 a6 8. b3 Rb8 9. a4 Bg4 {[%emt 0:30:51] E63: King's Indian: Fianchetto: Panno Variation with 7...a6} 10. Bb2 Nd7 11. d5 Bxf3 12. exf3 $146 ({Predecessor:} 12. Bxf3 Na5 13. Qc2 c6 14. Rab1 Ne5 15. Bg2 b5 16. axb5 cxb5 17. cxb5 axb5 18. Rfc1 Qb6 {½-½ (18) Huzman,A (2475)-Hebden,M (2475) Vrnjacka Banja 1991}) 12... Nd4 13. Rb1 c5 14. Ne2 Nxe2+ 15. Qxe2 Bxb2 16. Rxb2 Nf6 17. Re1 Re8 18. Qd3 b5 19. axb5 axb5 20. Rbe2 bxc4 $11 21. bxc4 Nd7 22. Qd2 Rb4 23. Qc3 Ne5 24. Re4 Qa5 1/2-1/2

[Event "WYCC 2018 O14"]
[Site "Halkidiki"]
[Date "2018.10.30"]
[Round "11"]
[White "Gavriil, Odysseas-Panagiotis"]
[Black "Turcan, Richard"]
[Result "0-1"]
[ECO "B76"]
[WhiteElo "2009"]
[BlackElo "2218"]
[Annotator "NA"]
[PlyCount "64"]
[EventDate "2018.10.20"]
[EventType "swiss"]
[EventCountry "GRE"]
[SourceTitle "playchess.com"]
[Source "ChessBase"]
[SourceQuality "1"]
[TimeControl "40/5400+30:1800+30"]

1. e4 c5 2. Nf3 d6 3. d4 cxd4 4. Nxd4 Nf6 5. Nc3 g6 6. Be3 Bg7 7. f3 O-O 8. g4 Nc6 9. Qd2 Be6 10. Nxe6 fxe6 11. O-O-O Ne5 12. Be2 Qc8 {[%emt 0:00:19] B76: Sicilian Dragon: Yugoslav Attack, 9 g4 and 9 0-0-0} 13. h4 {[%emt 0:02:26] LiveBook: 74 Games} Nfd7 14. f4 (14. h5 Nc4 15. Bxc4 Qxc4 16. hxg6 hxg6 17. f4 Bxc3 18. bxc3 Nf6 19. Bd4 e5 20. fxe5 dxe5 {1-0 (41) Cornette,M (2611)-Jones,G (2640) chess.com INT 2018}) 14... Nc4 15. Bxc4 Qxc4 16. e5 Rad8 17. exd6 Nf6 18. Qg2 Rxd6 {Predecessor:} 19. Rxd6 $146 exd6 20. Rd1 {[%emt 0:11:52] 0-1 (32) Zhou,Y (2475)-Pert,R (2430) Aberystwyth 2014} d5 21. Bd4 Nd7 22. Qe2 $2 (22. b3 $11 Qc7 23. Ne2) 22... Bxd4 23. Qxe6+ Rf7 24. Nxd5 Kg7 25. c3 $2 {[%emt 0:01:19] [#]} (25. h5 $17 Qc6 26. f5 gxf5 27. h6+ Kf8 28. gxf5) 25... Nc5 $1 26. Qe8 Qxd5 27. Rxd4 Qe6 28. Qb5 Qe3+ 29. Kc2 Ne6 30. Rd7 $19 Qe4+ 31. Kd1 Qxf4 32. Qxb7 Qa4+ 0-1

[Event "WYCC 2018 O14"]
[Site "Halkidiki"]
[Date "2018.10.30"]
[Round "11"]
[White "Nguyen, Huynh Minh Thien"]
[Black "Trifan, Andrei Ioan"]
[Result "1-0"]
[ECO "A05"]
[WhiteElo "1996"]
[BlackElo "2290"]
[Annotator "NA"]
[PlyCount "87"]
[EventDate "2018.10.20"]
[EventType "swiss"]
[EventCountry "GRE"]
[SourceTitle "playchess.com"]
[Source "ChessBase"]
[SourceQuality "1"]
[TimeControl "40/5400+30:1800+30"]

1. Nf3 Nf6 2. g3 g6 3. Bg2 Bg7 4. O-O O-O 5. d4 d6 6. Re1 Nbd7 7. e4 e5 8. c3 b6 9. Nbd2 {[%emt 0:00:08] A49: 1 d4 Nf6 2 Nf3 g6 3 g3: Anti-King's Indian systems} Bb7 10. Qc2 Re8 11. a4 a6 12. b3 (12. h3 Rc8 13. dxe5 Nxe5 14. Nxe5 Rxe5 15. Nc4 Re6 16. Bd2 Qe8 {0-1 (38) Kunte,A (2491)-Demchenko,A (2628) Karlsruhe 2017}) 12... exd4 13. cxd4 c5 14. Bb2 cxd4 15. Nxd4 Rc8 16. Qb1 d5 17. exd5 Rxe1+ $146 ({Predecessor:} 17... Bxd5 18. Rxe8+ Qxe8 19. Bxd5 Nxd5 {½-½ (25) Rajdeep,S (2154)-Ramnath,B (2431) Nagpur 2015}) 18. Qxe1 Nc5 19. Qf1 Bxd5 20. b4 Bxg2 21. Kxg2 Nce4 22. Nxe4 Nxe4 23. Rd1 Qd5 24. Nf3 Qb7 25. Bxg7 Kxg7 26. Qd3 Nc3 27. Qd7 Rc7 28. Qd4+ f6 29. Re1 Nxa4 30. Re8 Rc3 31. Qd1 b5 32. Qe2 Rc7 33. h4 Qd5 34. h5 Rf7 35. h6+ Kxh6 36. Rg8 g5 37. Qe1 Rg7 38. Rf8 Rf7 39. Rg8 Rg7 40. Rf8 Rg6 41. Rh8 Kg7 42. Qe8 Rh6 43. Qf8+ Kg6 44. g4 1-0

[Event "WYCC 2018 O14"]
[Site "Halkidiki"]
[Date "2018.10.30"]
[Round "11"]
[White "Chatzieleftheriou, Andreas"]
[Black "Tengis, Tsog-Ochir"]
[Result "0-1"]
[ECO "C50"]
[WhiteElo "1984"]
[BlackElo "2205"]
[Annotator "NA"]
[PlyCount "66"]
[EventDate "2018.10.20"]
[EventType "swiss"]
[EventCountry "GRE"]
[SourceTitle "playchess.com"]
[Source "ChessBase"]
[SourceQuality "1"]
[TimeControl "40/5400+30:1800+30"]

1. e4 e5 2. Nf3 Nc6 3. Bc4 Bc5 4. d3 Nf6 5. O-O O-O 6. c3 d6 7. Nbd2 Bg4 8. h3 Bh5 {[%emt 0:00:35] C54: Giuoco Piano: 4 c3 Nf6, main lines with 5 d4 and 5 d3} 9. Re1 Kh8 (9... Re8 10. b4 Bb6 11. Qb3 Qd7 12. a4 a5 13. b5 Nd8 14. Nh4 Ne6 15. Nf1 Rad8 {½-½ (57) Bodrozic,T (2415)-Pinter,J (2543) Baden 2016}) 10. Nf1 $146 ({Predecessor:} 10. a4 a5 11. Nf1 Qd7 12. Ng3 Bg6 13. Nh4 Rae8 14. Bg5 Ng8 15. Be3 Bxe3 16. Rxe3 {0-1 (43) Baeumer,L-Goessling,G Enger 1992}) 10... Bg6 11. Bb3 d5 (11... h6 $14) 12. exd5 Nxd5 13. Bc2 (13. Nxe5 $16 Nxe5 14. Rxe5) 13... f6 14. Ng3 Bb6 15. Nh4 f5 16. Nxg6+ hxg6 17. d4 Qh4 18. Qf3 $1 e4 19. Nxe4 fxe4 20. Rxe4 Qf6 21. Qg3 Nxd4 22. cxd4 Rae8 $2 (22... Kg8 23. Bb3 c6) 23. Bg5 Qf7 24. Rh4+ Kg8 25. Be3 Re6 26. Rg4 c6 27. Rxg6 $2 ({Schlechter ist} 27. Bxg6 Rxg6 28. Rxg6 Bc7 $15) (27. Bd3 $16 {und es läuft.}) 27... Bc7 28. Qg4 $19 Rxe3 29. Rxg7+ Qxg7 30. fxe3 Qxg4 31. hxg4 Nxe3 32. Bb3+ Kg7 33. g3 Bxg3 0-1

[Event "WYCC 2018 O14"]
[Site "Halkidiki"]
[Date "2018.10.30"]
[Round "11"]
[White "Gaal, Zsoka"]
[Black "Fecker, Noah"]
[Result "1/2-1/2"]
[ECO "A04"]
[WhiteElo "1976"]
[BlackElo "2184"]
[Annotator "NA"]
[PlyCount "114"]
[EventDate "2018.10.20"]
[EventType "swiss"]
[EventCountry "GRE"]
[SourceTitle "playchess.com"]
[Source "ChessBase"]
[SourceQuality "1"]
[TimeControl "40/5400+30:1800+30"]

1. Nf3 c5 2. c4 Nc6 3. Nc3 e5 4. g3 g6 5. Bg2 Bg7 6. O-O d6 7. a3 Nge7 8. Rb1 a5 9. d3 O-O 10. Bd2 Rb8 11. Qa4 h6 {[%emt 0:11:03] A37: Symmetrical English vs ...g6: 4 Bg2 Bg7 5 Nf3} (11... Be6 12. Nb5 d5 13. cxd5 Bxd5 14. Nc3 Be6 15. Ng5 Bf5 16. Nge4 b6 17. Nxc5 bxc5 18. Bxc6 Nxc6 19. Qxc6 {½-½ (31) Gledura,B (2612)-Vachier Lagrave,M (2793) Caleta 2018}) 12. Rfc1 f5 13. e3 $146 ({Predecessor:} 13. Nb5 Be6 14. b4 axb4 15. axb4 b6 16. Ne1 Qd7 17. Nc2 g5 18. Nc3 Ra8 19. Qb5 {1-0 (53) Magalashvili,D (2522)-Ameir,M (2323) Ordu 2018}) 13... g5 14. Nd5 Bd7 15. Qc2 f4 16. exf4 exf4 17. Nxe7+ Qxe7 18. Re1 Qd8 19. Bc3 Bg4 20. h3 Bxf3 21. Bxf3 fxg3 22. Bd5+ Kh8 23. Bxg7+ Kxg7 24. fxg3 Ne5 25. Kg2 Qd7 26. Rf1 g4 27. hxg4 Qxg4 28. Rbe1 b6 29. Re4 Rxf1 30. Rxg4+ Nxg4 31. Qa4 Ne3+ 32. Kh2 Nxd5 33. cxd5 Rf6 34. Qd7+ Kg6 35. Qg4+ Kf7 36. Qe4 Rg8 37. Qe3 Re8 38. Qd2 Re5 39. Qg2 Kg7 40. b4 axb4 41. axb4 cxb4 42. Qa2 ({Better is} 42. Qb2 $15) 42... Kg6 43. Qc4 h5 44. Qxb4 Rxd5 45. Qe4+ Rff5 46. g4 hxg4 47. Qxg4+ Kf7 48. Qc4 b5 49. Qc8 Rg5 50. Qd7+ Kf6 51. Qd8+ Kf5 52. Qe8 Kf6 53. Qd8+ Kg7 54. Qe7+ $11 Kh6 55. Qe6+ Kh7 56. Qf7+ Kh8 57. Qf8+ Kh7 1/2-1/2

[Event "WYCC 2018 O14"]
[Site "Halkidiki"]
[Date "2018.10.30"]
[Round "11"]
[White "Misyura, Ilya"]
[Black "Vitenberg, Noam Aviv"]
[Result "0-1"]
[ECO "D30"]
[WhiteElo "1967"]
[BlackElo "2175"]
[Annotator "NA"]
[PlyCount "74"]
[EventDate "2018.10.20"]
[EventType "swiss"]
[EventCountry "GRE"]
[SourceTitle "playchess.com"]
[Source "ChessBase"]
[SourceQuality "1"]
[TimeControl "40/5400+30:1800+30"]

1. d4 d5 2. c4 e6 3. g3 dxc4 4. Bg2 a6 5. Nf3 Nc6 6. O-O Nf6 7. e3 Bd7 8. Qe2 b5 9. b3 {[%emt 0:00:24] E04: Open Catalan: 5 Nf3} cxb3 10. axb3 Be7 11. Bd2 (11. Bb2 O-O 12. Rc1 Ra7 13. Nc3 Qb8 14. Ne5 Nxe5 15. dxe5 Nd5 16. Bxd5 exd5 17. Nxd5 {1-0 (26) Ragger,M (2700)-Ruck,R (2566) Germany 2017}) 11... O-O 12. Ne5 $146 ({Predecessor:} 12. Rc1 Bd6 13. Nc3 e5 14. Nxb5 e4 15. Nxd6 cxd6 16. Ng5 d5 17. Rxa6 Rxa6 18. Qxa6 {½-½ (28) Velilla Velasco,F (2559)-Plomp,M (2541) ICCF email 2015}) 12... Nxe5 13. Bxa8 Qxa8 14. dxe5 Ne4 15. Bc1 Bc6 16. f3 Nc5 17. Nd2 b4 18. Qc4 Rb8 19. Qc2 Rd8 20. e4 Bb5 21. Nc4 Rd3 22. Bd2 Rxb3 23. Rab1 Rxb1 24. Rxb1 b3 25. Qc3 Qd8 26. Be3 Qd3 27. Qxd3 $17 Nxd3 28. Nd2 b2 29. Bd4 Ba3 30. Bc3 c5 31. f4 Bb4 32. Bxb4 cxb4 33. Rd1 a5 34. Nb3 a4 35. Nc5 a3 36. Nxd3 Bxd3 37. Kf2 b1=Q 0-1

[Event "WYCC 2018 O14"]
[Site "Halkidiki"]
[Date "2018.10.30"]
[Round "11"]
[White "Domalchuk-Jonasson, Aleksandr"]
[Black "Lopez Varela, Pablo"]
[Result "1-0"]
[ECO "A41"]
[WhiteElo "1963"]
[BlackElo "2172"]
[Annotator "NA"]
[PlyCount "77"]
[EventDate "2018.10.20"]
[EventType "swiss"]
[EventCountry "GRE"]
[SourceTitle "playchess.com"]
[Source "ChessBase"]
[SourceQuality "1"]
[TimeControl "40/5400+30:1800+30"]

1. d4 d6 2. Nf3 Nf6 3. c4 Nbd7 4. Nc3 g6 5. e4 e5 6. d5 Bg7 7. Bd3 {[%emt 0:03:51] E61: King's Indian: Early deviations for White, including Smyslov System} (7. h3 Nc5 8. Qc2 a5 9. Be3 b6 10. Be2 Bd7 11. Nd2 O-O 12. g4 Ne8 13. O-O-O f5 14. gxf5 gxf5 15. Bxc5 bxc5 16. exf5 Bxf5 17. Nde4 Nf6 18. f3 Nh5 19. Rdg1 Bg6 20. Bd1 Nf4 {0-1 (58) Duda,J (2724)-Lewtak,D (2370) Zgierz 2018}) 7... a5 8. O-O Nc5 9. Bc2 O-O 10. a3 Ne8 11. Be3 b6 $146 ({Predecessor:} 11... f5 12. b4 axb4 13. axb4 Rxa1 14. Qxa1 Nxe4 15. Nxe4 fxe4 16. Bxe4 Nf6 {0-1 (32) Reichardt,R-Hoeneveld,M (1756) Rotterdam 2014}) 12. Ne1 f5 13. exf5 gxf5 14. f4 e4 15. Bd4 Nf6 16. g3 Bd7 17. Ng2 Be8 18. Ne3 Bh5 19. Qd2 Ng4 20. Bxg7 $16 Nxe3 21. Qxe3 Kxg7 22. b4 Nd7 23. Nb5 Bf7 24. Ba4 Nf6 25. Nd4 Qc8 26. Bc6 Ra7 27. Qc3 Kg6 28. Nb3 Nd7 29. bxa5 bxa5 30. Bxd7 Qxd7 31. Nxa5 Rfa8 32. Nc6 Ra4 33. g4 fxg4 34. f5+ Kh5 35. Rf4 Rg8 36. Re1 Rg5 37. Rexe4 Bxd5 38. Re7 Rxc4 39. Rxd7 1-0

[Event "WYCC 2018 O14"]
[Site "Halkidiki"]
[Date "2018.10.30"]
[Round "11"]
[White "Wernberg, Hugo"]
[Black "Risteski, Emil"]
[Result "0-1"]
[ECO "B32"]
[WhiteElo "1956"]
[BlackElo "2120"]
[Annotator "NA"]
[PlyCount "94"]
[EventDate "2018.10.20"]
[EventType "swiss"]
[EventCountry "GRE"]
[SourceTitle "playchess.com"]
[Source "ChessBase"]
[SourceQuality "1"]
[TimeControl "40/5400+30:1800+30"]

1. e4 c5 2. Nf3 Nc6 3. d4 cxd4 4. Nxd4 e5 5. Nb5 d6 6. N1c3 a6 7. Na3 b5 8. Nd5 Nge7 9. c4 Nxd5 10. exd5 Nd4 11. Be3 Nf5 12. cxb5 Nxe3 13. fxe3 Qh4+ 14. g3 Qe4 15. Qc2 Qxe3+ 16. Qe2 Qxe2+ 17. Bxe2 axb5 18. Nxb5 Rb8 19. Na7 Bd7 20. Nc6 Rxb2 21. a4 g6 22. a5 Bh6 23. a6 O-O 24. O-O Rxe2 25. a7 Be3+ 26. Kh1 Bh3 27. Rg1 Bxa7 28. Rxa7 Bg4 29. Rb1 Bf3+ 30. Kg1 Kh8 31. Ne7 Rg2+ 32. Kf1 Rxh2 33. Rbb7 e4 34. Ra3 Rd2 35. Ke1 Re2+ 36. Kf1 Rg2 37. g4 Rxg4 38. Kf2 h5 39. Ra6 h4 40. Rxd6 h3 41. Nxg6+ Rxg6 42. Rxg6 fxg6 43. Kg3 e3 44. Kxh3 e2 45. Re7 Rd8 46. Kg3 Bh5 47. Re5 Rxd5 0-1

[Event "WYCC 2018 O14"]
[Site "Halkidiki"]
[Date "2018.10.30"]
[Round "11"]
[White "Bolognese, Leonardo"]
[Black "Juhasz, Agoston"]
[Result "0-1"]
[ECO "D91"]
[WhiteElo "1947"]
[BlackElo "2174"]
[Annotator "NA"]
[PlyCount "90"]
[EventDate "2018.10.20"]
[EventType "swiss"]
[EventCountry "GRE"]
[SourceTitle "playchess.com"]
[Source "ChessBase"]
[SourceQuality "1"]
[TimeControl "40/5400+30:1800+30"]

1. Nf3 Nf6 2. c4 g6 3. d4 Bg7 4. Nc3 d5 5. Bg5 dxc4 6. e3 Be6 7. Ne5 Nd5 8. Nxc4 {[%emt 0:02:47] D91: Grünfeld: 4 Nf3 Bg7 5 Bg5} c5 (8... O-O 9. Rc1 Na6 10. e4 Nxc3 11. bxc3 f5 12. exf5 Rxf5 13. h4 Qf8 14. Qd2 Qf7 15. Ne3 Ra5 {1-0 (57) Adly,A (2605)-Salem,A (2489) Dubai 2011}) 9. Qa4+ Nc6 10. Ne5 O-O 11. Nxc6 bxc6 12. Be2 cxd4 13. exd4 Nxc3 $146 ({Predecessor:} 13... c5 14. O-O cxd4 15. Nxd5 Bxd5 {0-1 (44) Michalicka,M (2185)-Zambo,Z (2365) Tatranske Zruby 2015}) 14. bxc3 Qd5 15. Bf4 Qxg2 16. Rf1 Bh3 17. f3 Rfe8 18. Bg3 e5 19. Rd1 exd4 20. Rf2 Rxe2+ 21. Kxe2 Re8+ 22. Kd3 Bf5+ 23. Kc4 Be6+ 24. Kd3 Qh3 25. cxd4 Qf5+ 26. Kd2 h5 27. Bc7 Re7 28. Qa5 Bd5 29. Be5 f6 30. Bd6 Rb7 31. Qd8+ Kh7 32. Ke1 Rd7 33. Qe8 Rxd6 34. Re2 Bxf3 35. Re7 Qc2 36. Rxg7+ Kxg7 37. Qe7+ Kh6 38. Qe3+ g5 39. Qxf3 Qxh2 40. Qe3 Qxa2 41. d5 Rxd5 $19 42. Rxd5 Qxd5 43. Qxa7 h4 44. Qa8 Qe6+ 45. Kd2 h3 0-1